 Dungeon Crawl Stone Soup version 0.24-a0-487-g57318f2ed0 (webtiles) character file.

Game seed: 4301811164202512693

150 OctoZ the Vexing (level 5, -2/35 HPs)
             Began as a Mummy Enchanter on July 10, 2019.
             Killed from afar by Gynju's ghost (8 damage)
             ... with a blast of sand
             ... on level 2 of the Dungeon.
             The game lasted 00:09:52 (5829 turns).

OctoZ the Vexing (Mummy Enchanter)                  Turns: 5829, Time: 00:09:52

Health: -2/35      AC:  7    Str: 11    XL:     5   Next: 10%
Magic:  1/11       EV: 12    Int: 15    God:
Gold:   131        SH:  0    Dex: 13    Spells: 3/12 levels left

rFire    x . .     SeeInvis .   a - +1 dagger
rCold    + . .     Gourm    .   (no shield)
rNeg     + + +     Faith    .   b - +0 robe
rPois    ∞         Spirit   .   (no helmet)
rElec    .         Reflect  .   (no cloak)
rCorr    .         Harm     .   (no gloves)
MR       .....                  (no boots)
Stlth    ++........             (no amulet)
HPRegen  0.11/turn              g - +5 ring of protection
MPRegen  0.12/turn              (no ring)

@: no status effects
A: no food or potions, fire vulnerability, cold resistance 1, negative energy
resistance 3, torment resistance, unbreathing
a: no special abilities


You were on level 2 of the Dungeon.
You were not hungry.

You visited 1 branch of the dungeon, and saw 3 of its levels.

You collected 131 gold pieces.

Inventory:

Hand Weapons
 a - a +1 dagger (weapon)
Missiles
 d - 41 stones (quivered)
Armour
 b - a +0 robe (worn)
Jewellery
 g - a +5 ring of protection (left hand)
Scrolls
 c - 2 scrolls of identify


   Skills:
 - Level 0.7 Short Blades
 - Level 1.5 Dodging
 - Level 2.4 Stealth
 + Level 4.0 Spellcasting
 * Level 4.8 Hexes


You had 3 spell levels left.
You knew the following spells:

 Your Spells              Type           Power        Failure   Level  Hunger
a - Corona                Hex            ###....      2%          1    N/A
b - Ensorcelled Hibernat  Hex/Ice        ##....       11%         2    N/A
c - Confuse               Hex            ###.....     8%          3    N/A
d - Dazzling Spray        Conj/Hex       ##....       21%         3    N/A

Your spell library contained the following spells:

 Spells                   Type           Power        Failure   Level  Hunger
 Tukima's Dance           Hex            ###.....     8%          3    N/A

Dungeon Overview and Level Annotations

Branches:
Dungeon (3/15)

Altars:
Makhleb

Annotations:
D:2 Gynju's ghost, amateur DEEE
D:3 Grinder


Innate Abilities, Weirdness & Mutations

You do not eat or drink.
Your flesh is vulnerable to fire.
You are immune to poison.
Your flesh is cold resistant. (rC+)
You are immune to negative energy. (rN+++)
You are immune to unholy pain and torment.
You can survive without breathing.


Message History

Gynju's ghost easily resists.
Gynju's ghost screams, "You must not succeed where I failed!"
Gynju's ghost gestures at you while chanting.
The blast of sand hits you!
You hit Gynju's ghost but do no damage.
Gynju's ghost is severely damaged.
Gynju's ghost casts a spell at you. The blast of sand hits you.
* * * LOW HITPOINT WARNING * * *
You closely miss Gynju's ghost.
Gynju's ghost is severely damaged.
Gynju's ghost hits you.
* * * LOW HITPOINT WARNING * * *
Gynju's ghost completely misses you.
Gynju's ghost gestures at you while chanting.
The blast of sand hits you.
* * * LOW HITPOINT WARNING * * *
Gynju's ghost casts a spell at you. The blast of sand hits you!
You die...

#.####....................<...
#..........!...####.#####.####
####...####.#.#.###.#####.#
#...# #.##.##.##.......# #...#
#.##........###### #...#
#.#####.##..# #...#
##.###.###..# #
#####...#####...## #..#
###...........).@.#
##..#########
.##.###.#########.#
#............ #.......#
#.###>#%#...).... .##W###.#
#.W.....!..###### .##.# #.#
#####.#.#.## .##.# #.#
#.....### ....###.# ###.....#
.....##.# #.###.#
.###.##.####### #.# #.#


You could see Gynju's ghost.

Vanquished Creatures
  A hound (D:2)
  2 adders (D:2)
  3 oozes
  A worm (D:1)
  2 dart slugs (D:3)
  A leopard gecko (D:1)
  An orc (D:3)
  5 bats
  9 giant cockroaches
  7 goblins
  11 hobgoblins
  6 jackals
  A quokka (D:2)
  7 frilled lizards
  11 kobolds
  10 rats
78 creatures vanquished.

Notes
Turn   | Place    | Note
-------+----------+-------------------------------------------
     0 | D:1      | OctoZ the Mummy Enchanter began the quest for the Orb.
     0 | D:1      | Reached XP level 1. HP: 13/13 MP: 4/4
     2 | D:1      | Found a runed translucent door.
   425 | D:1      | Reached XP level 2. HP: 13/19 MP: 3/5
   470 | D:1      | Learned a level 2 spell: Ensorcelled Hibernation
  1235 | D:1      | Reached XP level 3. HP: 15/24 MP: 1/7
  1705 | D:1      | Learned a level 3 spell: Confuse
  2299 | D:2      | Reached XP level 4. HP: 24/30 MP: 0/9
  2507 | D:2      | Found a burning altar of Makhleb.
  3260 | D:3      | Noticed Grinder
  3827 | D:2      | Learned a level 3 spell: Dazzling Spray
  3841 | D:3      | Paralysed by Grinder for 7 turns
  4445 | D:3      | Paralysed by Grinder for 3 turns
  4462 | D:3      | Paralysed by Grinder for 5 turns
  5008 | D:2      | Reached XP level 5. HP: 28/35 MP: 0/11
  5219 | D:3      | Found a large runed translucent door.
  5224 | D:3      | Found a large runed translucent door.
  5249 | D:3      | Noticed Gynju's ghost (amateur DEEE)
  5405 | D:3      | Paralysed by Grinder for 2 turns
  5454 | D:3      | Paralysed by Grinder for 6 turns
  5463 | D:3      | Paralysed by Grinder for 6 turns
  5829 | D:2      | Killed from afar by Gynju's ghost

Levels and vault maps discovered:
D:1:      dpeg_arrival_caged_fury, layout_loops_cross, minivault_11
D:2:      layout_loops_ring, lemuel_doored_altar, first_ration
D:3:      layout_loops_ring, nemelex_xobeh_ov_fountains_minmay,
          ebering_ghost_disaster_area, uniq_crazy_yiuf_cottage, uniq_grinder

Skill      XL: |  1  2  3  4 |
---------------+-------------+-----
Hexes          | 3 4 |  4.8
Spellcasting   | 3 4 |  4.0
Short Blades   | |  0.7
Dodging        | |  1.5
Stealth        | |  2.4

Action                   |  1- 3 |  4- 6 || total
-------------------------+-------+-------++-------
Melee: Dagger            |   134 |   178 ||   312
 Cast: Corona            |     8 |       ||     8
       Ensorcelled Hiber |    34 |    31 ||    65
       Confuse           |     3 |    32 ||    35
  Use: Scroll            |     2 |     3 ||     5
 Stab: Sleeping          |    23 |    17 ||    40
       Confused          |     1 |     9 ||    10
       Distracted        |     1 |       ||     1
Armor: Robe              |    16 |    74 ||    90
Dodge: Dodged            |    82 |   154 ||   236

Table legend:
 A = Non-vault XP
 B = Vault XP
 C = Vault XP percentage of total XP
 D = Non-vault monster count
 E = Vault monster count
 F = Vault count percentage of total count
                 A         B        C        D         E       F
            +---------+---------+-------+---------+---------+-------
      Total |     185 |      30 |  14.0 |      68 |      10 |  12.8
            +---------+---------+-------+---------+---------+-------
        D:1 |      36 |      30 |  45.5 |      22 |      10 |  31.2
        D:2 |     112 |       0 |   0.0 |      27 |       0 |   0.0
        D:3 |      37 |       0 |   0.0 |      19 |       0 |   0.0
            +---------+---------+-------+---------+---------+-------
